 Dungeon Crawl Stone Soup version 0.28-a0-773-g130ae17fe5 (webtiles) character file.

Game seed: 6983916058957483202

0 meatgazer the Skirmisher (level 1, -7/18 HPs)
             Began as a Demonspawn Abyssal Knight on Nov 1, 2021.
             Was a Follower of Lugonu.
             Mangled by a fire elemental (9 damage)
             ... on level 2 of the Abyss.
             The game lasted 00:00:31 (232 turns).

meatgazer the Skirmisher (Demonspawn Abyssal Knight) Turns: 232, Time: 00:00:32

Health: -7/18      AC:  3    Str: 13    XL:     1   Next: 0%
Magic:  2/2        EV: 11    Int: 11    God:    Lugonu [*.....]
Gold:   21         SH:  0    Dex: 13    Spells: 0/0 levels left

rFire   . . .      SeeInvis .   a - +1 falchion
rCold   . . .      Faith    .   (no shield)
rNeg    . . .      Spirit   .   b - +0 leather armour
rPois   .          Reflect  .   (no helmet)
rElec   .          Harm     .   (no cloak)
rCorr   .          Rampage  .   (no gloves)
Will    .....                   (no boots)
Stlth   +.........              (no amulet)
HPRegen 0.06/turn               (no ring)
MPRegen 0.08/turn               (no ring)

@: weak-willed
A: no striking features
a: Renounce Religion, Depart the Abyss


You were on level 2 of the Abyss.
You worshipped Lugonu.
Lugonu was aware of your devotion.
You visited 0 branches of the dungeon, and saw 0 of its levels.
You visited the Abyss 1 time.

You collected 21 gold pieces.

Inventory:

Hand Weapons
 a - a +1 falchion (weapon)
Armour
 b - a +0 leather armour (worn)
Jewellery
 c - the amulet "Dumae" {Acrobat rElec rC+++ Int-5}
   (You found it on level 2 of the Abyss)

   [amulet of the acrobat]

   It increases your evasion while moving and waiting.
   Int:       It affects your intelligence (-5).
   rC:        It renders you almost immune to cold.
   rElec:     It insulates you from electricity.


   Skills:
 + Level 3.0 Fighting
 + Level 1.7 Long Blades
 + Level 1.7 Armour
 + Level 0.8 Dodging
 + Level 2.4 Invocations


You couldn't memorise any spells.
You didn't know any spells.
Your spell library was empty.

Dungeon Overview and Level Annotations

Branches:
Dungeon (0/15)

Altars:


Message History

There is a gateway leading out of the Abyss here.
Found a scale mail.
Found 20 sling bullets.
Found a gateway leading deeper into the Abyss.
There is a gateway leading deeper into the Abyss here.
You plunge deeper into the Abyss.
Found 4 datura-tipped darts.
c - a scroll labelled YSAFRUS PITOJILL
Found 4 atropa-tipped darts.
Found a runed halberd.
You now have 21 gold pieces.
You see here a +2 halberd of venom.
A small abomination comes into view.
As you read the scroll labelled YSAFRUS PITOJILL, it crumbles to dust.
You feel strangely unstable.
You feel the power of the Abyss delaying your translocation!
It was a scroll of teleportation.
Found a scale mail.
Found 23 gold pieces.
You are suddenly pulled into a different region of the Abyss!
Found 18 arrows.
c - a scroll labelled GERECO HEG WUO A fire elemental punctures the fabric of the universe.
As you read the scroll labelled GERECO HEG WUO, it crumbles to dust.
Magic quickly surges around you.
It was a scroll of vulnerability.
A tentacled starspawn comes into view.
A tentacle flies out from the starspawn's body!
A starspawn tentacle comes into view.
Found a wavering bone amulet.
A small abomination comes into view.
Found a gateway leading deeper into the Abyss.
You see here the amulet "Dumae" {Acrobat rElec rC+++ Int-5}.
c - the amulet "Dumae" {Acrobat rElec rC+++ Int-5} The tentacled starspawn is engulfed in blazing flames.
The small abomination hits you!
Ouch! That really hurt!
* * * LOW HITPOINT WARNING * * *
The fire elemental hits you. The fire elemental burns you!
Ouch! That really hurt!
You die...

.#.#.#.. ....#.. #
.#.#.# .# .. #....##.#.
...# . # #......... #...
# ...#. ...#... ..# .
.....>#.x.# #.###.#
#.....@..######§.......
#....#.#E#X○#....##..#..
... #§..○##°..#.##.....
. #######.X##.○...#.# #
# ..#○.....
##.#..##°.##.
##.#....○## #....#.○#☼ #
#. #...○.


You could see a tentacled starspawn, a fire elemental and a small abomination.

Vanquished Creatures (others)
  2 starspawn tentacles (Abyss:2)
2 creatures vanquished.

Notes
Turn   | Place    | Note
-------+----------+-------------------------------------------
     0 | Abyss:1  | meatgazer the Demonspawn Abyssal Knight began the quest for
                  | the Orb.
     0 | Abyss:1  | Reached XP level 1. HP: 18/18 MP: 2/2
    85 | Abyss:1  | Found a corrupted altar of Lugonu.
   164 | Abyss:2  | Noticed a small abomination
   216 | Abyss:2  | Noticed a fire elemental
   219 | Abyss:2  | Noticed a tentacled starspawn
   229 | Abyss:2  | Identified the amulet "Dumae" {Acrobat rElec rC+++ Int-5}
   229 | Abyss:2  | Noticed a small abomination
   232 | Abyss:2  | Mangled by a fire elemental

Illustrated notes

Levels and vault maps discovered:
Abyss:2:  base: Temple, evilmike_abyss_exit_7, bh_abyss_xom_lugonu_altar

Action                   || total
-------------------------++-------
  Use: Scroll            ||     2
Armor: Leather armour    ||     1

Table legend: (Time is in decaauts)
 A = Elapsed time spent in this place.
 B = Non-inter-level travel time spent in this place.
 C = Inter-level travel time spent in this place.
 D = Time resting spent in this place.
 E = Time spent auto-exploring this place.
 F = Levels seen in this place.
 G = Mean time per level.
                   A        B        C        D        E       F      G
               +--------+--------+--------+--------+--------+-----+--------+
         Total |    231 |    231 |      0 |      0 |    186 |   2 |  115.5 |
         Abyss |    231 |    231 |      0 |      0 |    186 |   2 |  115.5 |
               +--------+--------+--------+--------+--------+-----+--------+

Top non-repeatable levels by time:
 Abyss:1: 129 daAuts
 Abyss:2: 102 daAuts
